 Seeded DCSS version 0.27.1-34-g3ba077fa99 (webtiles) character file.

Game seed: 4893025783290 (custom seed)

96 lonewolfV2 the Covered (level 4, -4/40 HPs)
             Began as a Minotaur Fighter on Jan 6, 2022.
             Killed from afar by Robin (7 damage)
             ... with a puff of flame
             ... on level 3 of the Dungeon.
             The game lasted 00:04:06 (1956 turns).

lonewolfV2 the Covered (Minotaur Fighter)           Turns: 1956, Time: 00:04:06

Health: -4/40      AC:  7    Str: 20    XL:     4   Next: 41%
Magic:  3/3        EV:  7    Int:  5    God:
Gold:   80         SH: 10    Dex: 11    Spells: 3/3 levels left

rFire    . . .     SeeInvis .   e - +9 staff of Wucad Mu {*channel}
rCold    . . .     Faith    .   c - +1 kite shield
rNeg     . . .     Spirit   .   b - +0 scale mail
rPois    .         Reflect  .   (helmet restricted)
rElec    .         Harm     .   (no cloak)
rCorr    .         Rampage  .   (no gloves)
Will     .....                  (no boots)
Stlth    ..........             (no amulet)
HPRegen  0.13/turn              (no ring)
MPRegen  0.08/turn              (no ring)

@: no status effects
A: horns 2, retaliatory headbutt
a: no special abilities


You were on level 3 of the Dungeon.
You visited 1 branch of the dungeon, and saw 3 of its levels.

You collected 80 gold pieces.

Inventory:

Hand Weapons
 a - a +0 war axe of flaming
 e - the +9 staff of Wucad Mu (weapon) {*channel}
   (You acquired it on level 1 of the Dungeon)

   It occasionally powers its wielder's spells, but with a chance of causing
   confusion or draining the wielder's intelligence.
   It becomes more likely to activate and less likely to backfire with increased
   Evocations skill.
Armour
 b - a +0 scale mail (worn)
 c - a +1 kite shield (worn)
Scrolls
 h - a scroll of amnesia
Potions
 d - a potion of might
 f - a potion of cancellation {unknown}
 g - 2 potions of degeneration
 i - 2 potions of attraction
 l - a potion of lignification {unknown}


   Skills:
 + Level 4.1 Fighting
 + Level 3.3 Axes
 + Level 1.0 Staves
 + Level 4.8 Armour
 + Level 0.7 Dodging
 + Level 4.1 Shields


You had 3 spell levels left.
You didn't know any spells.
Your spell library contained the following spells:

 Spells                   Type           Power      Damage    Failure   Level
 Ensorcelled Hibernation  Hex/Ice        0%         N/A       100%        2
 Sublimation of Blood     Necr           0%         N/A       100%        2
 Wereblood                Tmut           0%         N/A       100%        2
 Spider Form              Tmut/Pois      0%         N/A       100%        3
 Shadow Creatures         Summ           N/A        N/A       100%        6
 Summon Hydra             Summ           0%         N/A       100%        7


Dungeon Overview and Level Annotations

Branches:
Dungeon (3/15)

Altars:
Kikubaaqudgha

Shops:
D:1 :   D:3 *

Annotations:
D:3 Robin


Innate Abilities, Weirdness & Mutations

You have a pair of horns on your head.
You reflexively headbutt those who attack you in melee.


Message History

You hit the goblin.
You kill the goblin!
You block the hobgoblin's attack. The goblin barely misses you.
Robin throws the goblin at you! The goblin hits you with a +0 club.
The goblin hits you but does no damage. You block the goblin's attack.
The goblin hits you with a +0 dagger. The goblin hits you but does no damage.
You block the hobgoblin's attack.
The hobgoblin hits you but does no damage.
You sock the goblin!
You kill the goblin!
Robin throws the goblin at you! You block the goblin's attack.
The goblin hits you with a +0 club.
The goblin hits you but does no damage. x2
The hobgoblin hits you. You block the hobgoblin's attack.
The goblin hits you but does no damage. The goblin hits you with a +0 club.
The goblin hits you but does no damage.
You sock the goblin!
You kill the goblin!
You feel your willpower return. The goblin barely misses you.
You furiously retaliate!
You headbutt the goblin. The hobgoblin closely misses you.
You block the hobgoblin's attack.
Robin says, "My army is invincible!"
The goblin barely misses you. The goblin hits you but does no damage.
You block the goblin's attack. The goblin barely misses you.
You furiously retaliate!
You headbutt the goblin!
You kill the goblin!
The hobgoblin hits you but does no damage.
The hobgoblin hits you. You block the hobgoblin's attack.
Your Staves skill increases to level 1!
You hit the hobgoblin.
The hobgoblin is moderately wounded.
Robin flexes a bicep menacingly.
The goblin hits you with a +0 club.
* * * LOW HITPOINT WARNING * * *
The goblin hits you with a +0 club.
* * * LOW HITPOINT WARNING * * *
The hobgoblin hits you.
* * * LOW HITPOINT WARNING * * *
The hobgoblin hits you but does no damage.
Robin zaps a wand.
The puff of flame hits you!
You die...

........8##.# ## ..
...............# .......
...†......#....# .......
..........#....# .......
.............#.# .......
########.#.#.#.##.......
#..#......g.......
#######..#.....ggg......
#........#.....g@)g..#
#.###.#..#.....gg#####
#.......#.####
##<.##.....# #..##.#####
#.....# #######


You could see Robin, 3 hobgoblins and 4 goblins.

Vanquished Creatures
  A bullfrog skeleton (D:3)
  An adder (D:3)
  A dart slug (D:1)
  8 endoplasms
  10 goblins
  5 hobgoblins
  4 quokkas
  5 ball pythons
  5 bats
  3 frilled lizards
  5 kobolds
  2 rats
50 creatures vanquished.

Notes
Turn   | Place    | Note
-------+----------+-------------------------------------------
     0 | D:1      | lonewolfV2 the Minotaur Fighter began the quest for the
                  | Orb.
     0 | D:1      | Reached XP level 1. HP: 19/19 MP: 0/0
   105 | D:1      | Reached XP level 2. HP: 27/27 MP: 1/1
   405 | D:1      | Identified a scroll of acquirement
   405 | D:1      | Acquired the +9 staff of Wucad Mu {*channel}
   405 | D:1      | Found the +9 staff of Wucad Mu {*channel}
   569 | D:1      | Found Voumadugg's Book Boutique.
   822 | D:2      | Found an ancient bone altar of Kikubaaqudgha.
   824 | D:2      | Reached XP level 3. HP: 29/33 MP: 2/2
   942 | D:2      | Found a faded altar of an unknown god.
  1592 | D:3      | Reached XP level 4. HP: 9/40 MP: 3/3
  1876 | D:3      | Found Wiewn's General Store.
  1948 | D:3      | Noticed Robin
  1956 | D:3      | Reached skill level 1 in Staves
  1956 | D:3      | Killed from afar by Robin

Illustrated notes

Levels and vault maps discovered:
D:1:      lightli_arrival_farm, layout_loops_ring, serial_shops,
          nicolae_square_shop, minmay_vboxes
D:2:      layout_loops_ring, basic_altar,
          shapermc_ecumenical_altar_starsandcircs
D:3:      layout_basic, serial_shops, shop_statue, uniq_robin

Skill      XL: |  1  2  3  4 |
---------------+-------------+-----
Armour         | 4 |  4.8
Fighting       | 4 |  4.1
Axes           | 3 |  3.3
Shields        | 4 |  4.1
Staves         | 1 |  1.0
Dodging        | |  0.7

Action                   |  1- 3 |  4- 6 || total
-------------------------+-------+-------++-------
Melee: War axe           |    26 |       ||    26
       Headbutt          |    16 |     2 ||    18
       Staff             |    48 |    16 ||    64
  Use: Scroll            |     7 |     3 ||    10
Armor: Scale mail        |    37 |    24 ||    61
Dodge: Dodged            |    27 |    13 ||    40
Block: Kite shield       |    36 |    20 ||    56
